 Dungeon Crawl Stone Soup version 0.27.0-1-g7a089689b8 (webtiles) character file.

Game seed: 11736073304075061394

31 sanka the Ducker (level 3, 0/14 HPs)
             Began as a Felid Necromancer on Aug 3, 2021.
             Succumbed to an adder's poison
             ... on level 2 of the Dungeon.
             The game lasted 00:01:26 (2210 turns).

sanka the Ducker (Felid Necromancer)                Turns: 2210, Time: 00:01:27

Health: 0/14       AC:  1    Str:  4    XL:     3   Next: 7%
Magic:  1/7        EV: 19    Int: 16    God:
Gold:   94         SH:  0    Dex: 17    Spells: 5/6 levels left
                                        Lives:  0   Deaths: 0

rFire    . . .     SeeInvis +   (weapon unavailable)
rCold    . . .     Faith    .   (shield unavailable)
rNeg     . . .     Spirit   .   (armour unavailable)
rPois    .         Reflect  .   (helmet unavailable)
rElec    .         Harm     .   (cloak unavailable)
rCorr    .         Rampage  .   (gloves unavailable)
Will     .....                  (boots unavailable)
Stlth    ++........             (no amulet)
HPRegen  0.04/turn              (no ring)
MPRegen  0.10/turn              (no ring)

@: lethally poisoned (0 -> -8), very slightly contaminated, quick
A: very small, claws 1, fangs 3, see invisible, speed 1, shaggy fur 1, stealthy
paws, no weapons or thrown items, no armour, multi-lived
a: no special abilities


You were on level 2 of the Dungeon.
You visited 1 branch of the dungeon, and saw 2 of its levels.

You collected 94 gold pieces.


Innate Abilities, Weirdness & Mutations

You have sharp claws.
You have razor-sharp teeth.
You have supernaturally acute eyesight. (SInv)
You cover ground quickly. (Speed+)
You are covered in fur. (AC +1)
Your paws help you pounce on unaware monsters.
You are incapable of wielding weapons or throwing items.
You cannot wear armour.
You gain extra lives every three experience levels.


   Skills:
 + Level 4.8 Dodging
 - Level 2.6 Stealth
 - Level 2.0 Spellcasting
 - Level 4.0 Necromancy


You had 5 spell levels left.
You knew the following spells:

 Your Spells              Type           Power      Damage    Failure   Level
z - Pain                  Necr           56%        1d6       4%          1

Your spell library contained the following spells:

 Spells                   Type           Power      Damage    Failure   Level
 Animate Skeleton         Necr           28%        N/A       4%          1
 Vampiric Draining        Necr           7%         2d7       12%         3
 Animate Dead             Necr           7%         N/A       36%         4
 Agony                    Necr           14%        N/A       73%         5

Inventory:

Scrolls
 b - a scroll of immolation {unknown}
 c - a scroll of teleportation {unknown}
 d - 2 scrolls of identify {unknown}
 e - a scroll of torment {unknown}
 f - a scroll of acquirement {unknown}
Potions
 a - 2 potions of haste {unknown}

Dungeon Overview and Level Annotations

Branches:
Dungeon (2/15)

Altars:

Shops:
D:2

( ▒....▒ ▒
▒▒▒.▒▒.▒ ▒
▒(..▒▒.▒ ▒
▒.▒▒▒▒.▒ ▒ ▒.▒
▒.▒ ▒▒▒▒▒▒ ▒
▒.▒ ▒.▒▒▒.....
▒▒▒ ▒.▒
▒.▒.....▒ ..▒
▒.▒▒▒▒.▒.♣...▒
▒.▒
▒......hS....▒
▒.▒▒▒▒
▒.▒▒.▒.▒♣∩♣..▒
.>...▒▒
.....▒▒▒▒.....▒
.........▒.▒▒
▒.♣▒▒.▒
....<▒▒▒▒▒.▒ .▒
.. ....... ..▒
>. ... .....▒
▒.. ... ▒▒
.....▒ ▒▒▒ ▒▒▒
.....▒


You could see an adder.


Message History

The adder writhes in agony.
The adder closely misses you.
You miscast Pain.
Nothing appears to happen.
The adder bites you.
You are poisoned.
The adder poisons you! The adder closely misses you.
The adder barely resists.
You feel sick. The adder closely misses you.
Unknown command.
The adder barely resists.
You feel sick. The adder misses you.
Unknown command.
You feel sick.
You feel sick.
You are no longer poisoned.
You scratch the adder. You bite the adder, but do no damage.
The adder is almost dead.
The adder closely misses you. The adder bites you.
* * * LOW HITPOINT WARNING * * *
You are lethally poisoned!
The adder poisons you!
You barely miss the adder.
The adder is almost dead.
You die...

Action                   || total
-------------------------++-------
Melee: Unarmed           ||     2
       Bite              ||     1
 Cast: Pain              ||    43
Dodge: Dodged            ||    12

Levels and vault maps discovered:
D:1:      matt_arrival_refuge, layout_loops_ring, minivault_19,
          minmay_pentomino_x2
D:2:      layout_loops_ring, serial_shops, nicolae_shop_trees,
          chequers_ecumenical_altar_simple_redux, kennysheep_generic_room_4

Notes
Turn   | Place    | Note
-------+----------+-------------------------------------------
     0 | D:1      | sanka the Felid Necromancer began the quest for the Orb.
     0 | D:1      | Reached XP level 1. HP: 7/7 MP: 4/4
   121 | D:1      | Reached skill level 3 in Dodging
   732 | D:1      | Reached XP level 2. HP: 10/11 MP: 4/6
   901 | D:1      | Reached skill level 4 in Dodging
  1828 | D:2      | Reached XP level 3. HP: 10/14 MP: 2/7
  2191 | D:2      | Found Qentesuumn's Antique Weapon Boutique.
  2209 | D:2      | HP: 1/14 [adder (1)]
  2210 | D:2      | Succumbed to an adder's poison

Vanquished Creatures
  An adder (D:2)
  A dart slug (D:1)
  2 bats
  3 endoplasms
  A giant cockroach (D:1)
  2 hobgoblins
  2 quokkas
  A ball python (D:1)
  4 frilled lizards
  2 kobolds (D:1)
19 creatures vanquished.
